SKY
PHILADELPHIA PHILLIES @ CINCINNATI REDS
05/18/2052
 
TOP OF THE 1ST
Philadelphia Phillies batting - Pitching for Cincinnati Reds : RHP Elvin Alvira
Pitching: RHP Elvin Alvira
Batting: RHB Liam Lyons 0-0: Called Strike
0-1: Swinging Strike
0-2: Foul Ball, location: 5FF
0-2: Ball
1-2: Ball
2-2: Ground out 6-3 (Groundball, 6, EV 83.8 MPH)
Batting: RHB Kyle Negulescu 0-0: Called Strike
0-1: Ball
1-1: Ball
2-1: Called Strike
2-2: Strikes out looking
Batting: RHB Marc Simms 0-0: Fly out, F8 (Flyball, 78M, EV 93.1 MPH)
Top of the 1st over - 0 runs, 0 hits, 0 errors, 0 left on base; Philadelphia 0 - Cincinnati 0
BOTTOM OF THE 1ST
Cincinnati Reds batting - Pitching for Philadelphia Phillies : RHP Kirby Rogers
Pitching: RHP Kirby Rogers
Batting: LHB Lloyd Crosier 0-0: DOUBLE (Line Drive, 7LM, EV 107.5 MPH)
Batting: LHB Mike Chappelle 0-0: DOUBLE (Line Drive, 9LM, EV 107.5 MPH)
Lloyd Crosier scores
Batting: SHB D.J. Boucher 0-0: Ball
1-0: Ball
2-0: Ball
3-0: Called Strike
3-1: Foul Ball, location: 2F
3-2: Fly out, F4 (Popup, 4MD, EV 70.0 MPH)
Batting: LHB Glen Kirkendall 0-0: Called Strike
0-1: Fly out, F8 (Flyball, 89M, EV 98.1 MPH)
Batting: RHB Ollie Millner 0-0: Called Strike
0-1: Ball
1-1: SINGLE (Line Drive, 6D, EV 106.3 MPH)
Mike Chappelle to third
Runner from 3rd tries for Home, SAFE, throw by CF to home
Batting: RHB Pierre Johnson 0-0: Fielders Choice at 2nd, 6-4 (Groundball, 6, EV 77.5 MPH)
Bottom of the 1st over - 2 runs, 3 hits, 0 errors, 1 left on base; Philadelphia 0 - Cincinnati 2
TOP OF THE 2ND
Philadelphia Phillies batting - Pitching for Cincinnati Reds : RHP Elvin Alvira
Batting: RHB Josiah Mandel 0-0: Ball
1-0: Called Strike
1-1: SOLO HOME RUN (Flyball, 7LD, EV 98.8 MPH), Distance : 347 ft
Batting: LHB Noah Powell 0-0: Ball
1-0: Called Strike
1-1: Foul Ball, location: 2F
1-2: Foul Ball, location: 2F
1-2: Fly out, F9 (Flyball, 9, EV 87.5 MPH)
Batting: RHB Ariel Fernández 0-0: Called Strike
0-1: Ground out U3 (Groundball, 3, EV 108.1 MPH)
Batting: LHB Monte Baker 0-0: Ground out 1-3 (Groundball, 13S, EV 69.4 MPH)
Top of the 2nd over - 1 run, 1 hit, 0 errors, 0 left on base; Philadelphia 1 - Cincinnati 2
BOTTOM OF THE 2ND
Cincinnati Reds batting - Pitching for Philadelphia Phillies : RHP Kirby Rogers
Batting: RHB D.J. Alloway 0-0: Swinging Strike
0-1: Fly out, F7 (Flyball, 7LS, EV 78.1 MPH)
Batting: RHB Ethan Hicks 0-0: Ball
1-0: Fly out, F8 (Flyball, 8LXD, EV 108.8 MPH)
Batting: RHB Coty Cavett 0-0: Called Strike
0-1: Ground out 4-3 (Groundball, 4, EV 105.0 MPH)
Bottom of the 2nd over - 0 runs, 0 hits, 0 errors, 0 left on base; Philadelphia 1 - Cincinnati 2
TOP OF THE 3RD
Philadelphia Phillies batting - Pitching for Cincinnati Reds : RHP Elvin Alvira
Pitching: RHP Roger Jenkins
Batting: LHB George Copa 0-0: Swinging Strike
0-1: Ground out 6-3 (Groundball, 6M, EV 81.9 MPH)
Batting: RHB Kayden Rainwater 0-0: Ground out 5-3 (Groundball, 5L, EV 80.6 MPH)
Batting: RHB Liam Lyons 0-0: Ball
1-0: Called Strike
1-1: Fly out, F7 (Line Drive, 7, EV 95.0 MPH)
Top of the 3rd over - 0 runs, 0 hits, 0 errors, 0 left on base; Philadelphia 1 - Cincinnati 2
BOTTOM OF THE 3RD
Cincinnati Reds batting - Pitching for Philadelphia Phillies : RHP Kirby Rogers
Batting: LHB Lloyd Crosier 0-0: Ball
1-0: Foul Ball, location: 3F
1-1: Swinging Strike
1-2: Foul Ball, location: 2RF
1-2: Ball
2-2: Ball
3-2: Fly out, F9 (Line Drive, 9S, EV 80.6 MPH)
Batting: LHB Mike Chappelle 0-0: Ball
1-0: Ground out 4-3 (Groundball, 4, EV 94.4 MPH)
Batting: SHB D.J. Boucher 0-0: Foul Ball, location: 3FF
0-1: Foul Ball, location: 2LF
0-2: Fly out, F7 (Flyball, 7LS, EV 88.8 MPH)
Bottom of the 3rd over - 0 runs, 0 hits, 0 errors, 0 left on base; Philadelphia 1 - Cincinnati 2
TOP OF THE 4TH
Philadelphia Phillies batting - Pitching for Cincinnati Reds : RHP Roger Jenkins
Batting: RHB Kyle Negulescu 0-0: Ball
1-0: Ground out 6-3 (Groundball, 6, EV 108.1 MPH)
Batting: RHB Marc Simms 0-0: Ball
1-0: Ball
2-0: Foul Ball, location: 9LMF
2-1: Foul Ball, location: 2LF
2-2: DOUBLE (Line Drive, 7LM, EV 100.0 MPH)
Batting: RHB Josiah Mandel 0-0: SINGLE (Groundball, 56D, EV 97.5 MPH)
Marc Simms to third
Runner from 3rd tries for Home, SAFE, throw by LF to home
Josiah Mandel to second
Batting: LHB Noah Powell 0-0: DOUBLE (Line Drive, 8RXD, EV 107.5 MPH)
Josiah Mandel scores
Batting: RHB Ariel Fernández 0-0: Ball
1-0: Fly out, F8 (Flyball, 8RD, EV 91.9 MPH)
Batting: LHB Monte Baker 0-0: Foul Ball, location: 3DF
0-1: Ball
1-1: Ball
2-1: Called Strike
2-2: Fly out, F8 (Flyball, 8RXD, EV 105.6 MPH)
Top of the 4th over - 2 runs, 3 hits, 0 errors, 1 left on base; Philadelphia 3 - Cincinnati 2
BOTTOM OF THE 4TH
Cincinnati Reds batting - Pitching for Philadelphia Phillies : RHP Kirby Rogers
Batting: LHB Glen Kirkendall 0-0: Ball
1-0: Ball
2-0: Called Strike
2-1: Ball
3-1: Swinging Strike
3-2: Base on Balls
Batting: RHB Ollie Millner 0-0: Fly out, F8 (Flyball, 8LS, EV 85.0 MPH)
Batting: RHB Pierre Johnson 0-0: Called Strike
Glen Kirkendall is caught stealing 2nd base 2-4
0-1: Ball
1-1: Swinging Strike
1-2: Ball
2-2: Strikes out swinging
Bottom of the 4th over - 0 runs, 0 hits, 0 errors, 0 left on base; Philadelphia 3 - Cincinnati 2
TOP OF THE 5TH
Philadelphia Phillies batting - Pitching for Cincinnati Reds : RHP Roger Jenkins
Batting: LHB George Copa 0-0: Bunted foul
0-1: Ball
1-1: Ball
2-1: SINGLE (Groundball, 6MD, EV 101.9 MPH)
Batting: RHB Kayden Rainwater 0-0: Called Strike
0-1: Ball
George Copa steals 2nd base
1-1: Bunted foul
1-2: Foul Ball, location: 5F
1-2: Ball
2-2: Ground out 4-3 (Groundball, 4, EV 110.0 MPH)
George Copa to third
Batting: RHB Liam Lyons 0-0: Ball
1-0: Ball
2-0: Ball
3-0: Base on Balls
Batting: RHB Kyle Negulescu 0-0: Ball
1-0: Fly out, F3 (Popup, 3S, EV 81.9 MPH)
Batting: RHB Marc Simms 0-0: Called Strike
Liam Lyons steals 2nd base
0-1: Ball
1-1: Called Strike
1-2: Ball
2-2: Foul Ball, location: 2F
2-2: Ball
3-2: Ground out 5-3 (Groundball, 56S, EV 81.9 MPH)
Top of the 5th over - 0 runs, 1 hit, 0 errors, 2 left on base; Philadelphia 3 - Cincinnati 2
BOTTOM OF THE 5TH
Cincinnati Reds batting - Pitching for Philadelphia Phillies : RHP Kirby Rogers
Batting: RHB D.J. Alloway 0-0: Ball
1-0: Called Strike
1-1: Swinging Strike
1-2: Fly out, F9 (Flyball, 89M, EV 94.4 MPH)
Batting: RHB Ethan Hicks 0-0: Called Strike
0-1: Fly out, F6 (Line Drive, 6M, EV 66.9 MPH)
Batting: RHB Coty Cavett 0-0: Ball
1-0: Called Strike
1-1: Ball
2-1: Foul Ball, location: 9LMF
2-2: SINGLE (Line Drive, 7S, EV 91.9 MPH)
Batting: LHB Lloyd Crosier 0-0: SINGLE (Line Drive, 8LS, EV 94.4 MPH)
Coty Cavett to second
Batting: LHB Mike Chappelle 0-0: Ball
1-0: Ball
2-0: Called Strike
2-1: Called Strike
2-2: SINGLE (Groundball, 4, EV 79.4 MPH)
Coty Cavett to third
Lloyd Crosier to second
Runner from 3rd tries for Home, SAFE, throw by CF to home
Batting: SHB D.J. Boucher 0-0: Ball
1-0: Called Strike
1-1: Called Strike
1-2: Ball
2-2: DOUBLE (Line Drive, 78D, EV 110.6 MPH)
Lloyd Crosier scores
Mike Chappelle to third
Batting: LHB Glen Kirkendall 0-0: Ball
1-0: Fly out, F9 (Flyball, 9, EV 86.9 MPH)
Bottom of the 5th over - 2 runs, 4 hits, 0 errors, 2 left on base; Philadelphia 3 - Cincinnati 4
TOP OF THE 6TH
Philadelphia Phillies batting - Pitching for Cincinnati Reds : RHP Roger Jenkins
Batting: RHB Josiah Mandel 0-0: Ball
1-0: Fly out, F8 (Flyball, 8LM, EV 96.9 MPH)
Batting: LHB Noah Powell 0-0: Ball
1-0: Foul Ball, location: 7LMF
1-1: Ball
2-1: Foul Ball, location: 7LSF
2-2: Ball
3-2: Base on Balls
Batting: RHB Ariel Fernández 0-0: Ball
Noah Powell is caught stealing 2nd base 2-4
1-0: Swinging Strike
1-1: Ball
2-1: Called Strike
2-2: Strikes out swinging
Top of the 6th over - 0 runs, 0 hits, 0 errors, 0 left on base; Philadelphia 3 - Cincinnati 4
BOTTOM OF THE 6TH
Cincinnati Reds batting - Pitching for Philadelphia Phillies : RHP Kirby Rogers
Batting: RHB Ollie Millner 0-0: Called Strike
0-1: Swinging Strike
0-2: Ball
1-2: Ball
2-2: Fly out, F8 (Flyball, 89D, EV 79.4 MPH)
Batting: RHB Pierre Johnson 0-0: Foul Ball, location: 9LSF
0-1: Called Strike
0-2: Foul Ball, location: 9LMF
0-2: Ball
1-2: Ball
2-2: Ball
3-2: Fly out, F8 (Flyball, 8LXD, EV 98.1 MPH)
Batting: RHB D.J. Alloway 0-0: Called Strike
0-1: Called Strike
0-2: Foul Ball, location: 25FF
0-2: Fly out, F7 (Flyball, 78S, EV 95.6 MPH)
Bottom of the 6th over - 0 runs, 0 hits, 0 errors, 0 left on base; Philadelphia 3 - Cincinnati 4
TOP OF THE 7TH
Philadelphia Phillies batting - Pitching for Cincinnati Reds : RHP Roger Jenkins
Batting: LHB Monte Baker 0-0: Foul Ball, location: 5F
0-1: Ball
1-1: Ball
2-1: Ball
3-1: Foul Ball, location: 7LSF
3-2: Strikes out swinging
Batting: LHB George Copa 0-0: Called Strike
0-1: Ball
1-1: Ball
2-1: Called Strike
2-2: Ball
3-2: Foul Ball, location: 5F
3-2: Base on Balls
Batting: RHB Kayden Rainwater 0-0: Swinging Strike
0-1: Foul Ball, location: 2F
0-2: Foul Ball, location: 2F
0-2: Ball
1-2: Foul Ball, location: 23FF
1-2: Ball
2-2: Ball
3-2: Strikes out swinging
George Copa steals 2nd base
Batter strikes out.
Batting: RHB Liam Lyons 0-0: Ball
1-0: Called Strike
1-1: Foul Ball, location: 7LDF
1-2: Ball
2-2: Ball
3-2: Fly out, F7 (Line Drive, 78M, EV 86.3 MPH)
Top of the 7th over - 0 runs, 0 hits, 0 errors, 1 left on base; Philadelphia 3 - Cincinnati 4
BOTTOM OF THE 7TH
Cincinnati Reds batting - Pitching for Philadelphia Phillies : RHP Kirby Rogers
Pitching: RHP Rodrigo Rodríguez
Batting: RHB Ethan Hicks 0-0: Called Strike
0-1: Foul Ball, location: 2RF
0-2: Ball
1-2: Ball
2-2: Ball
3-2: Foul Ball, location: 2F
3-2: Foul Ball, location: 7LSFF
3-2: Base on Balls
Batting: RHB Coty Cavett 0-0: Bunted foul
0-1: Sac Bunt to 2R - play at first, batter OUT! 2-3
Ethan Hicks to second
Batting: LHB Lloyd Crosier 0-0: Foul Ball, location: 2F
0-1: Foul Ball, location: 5DF
0-2: Ball
1-2: Fly out, F9 (Line Drive, 9S, EV 91.3 MPH)
Batting: LHB Mike Chappelle 0-0: Called Strike
0-1: Ball
Wild Pitch!
Ethan Hicks to third
1-1: Ball
2-1: Ground out 1-3 (Groundball, 13S, EV 75.0 MPH)
Bottom of the 7th over - 0 runs, 0 hits, 0 errors, 1 left on base; Philadelphia 3 - Cincinnati 4
TOP OF THE 8TH
Philadelphia Phillies batting - Pitching for Cincinnati Reds : RHP Roger Jenkins
Batting: RHB Kyle Negulescu 0-0: Ball
1-0: SINGLE (Groundball, 34S, EV 66.3 MPH) (infield hit)
Batting: RHB Marc Simms 0-0: Ball
1-0: Ball
Kyle Negulescu is caught stealing 2nd base 2-4
2-0: SINGLE (Line Drive, 8LS, EV 102.5 MPH)
Batting: RHB Josiah Mandel 0-0: Ball
1-0: Fly out, F8 (Flyball, 8LD, EV 102.5 MPH)
Batting: LHB Noah Powell 0-0: Called Strike
0-1: Fly out, F6 (Line Drive, 6, EV 75.6 MPH)
Top of the 8th over - 0 runs, 2 hits, 0 errors, 1 left on base; Philadelphia 3 - Cincinnati 4
BOTTOM OF THE 8TH
Cincinnati Reds batting - Pitching for Philadelphia Phillies : RHP Rodrigo Rodríguez
Batting: SHB D.J. Boucher 0-0: Ball
1-0: Called Strike
1-1: Fly out, F9 (Flyball, 9S, EV 85.6 MPH)
Batting: LHB Glen Kirkendall 0-0: Ball
1-0: Called Strike
1-1: Ball
2-1: Ball
3-1: Foul Ball, location: 3FF
3-2: Fly out, F7 (Line Drive, 7S, EV 94.4 MPH)
Batting: RHB Ollie Millner 0-0: Ball
1-0: Ball
2-0: Called Strike
2-1: Called Strike
2-2: Ball
3-2: Strikes out swinging
Bottom of the 8th over - 0 runs, 0 hits, 0 errors, 0 left on base; Philadelphia 3 - Cincinnati 4
TOP OF THE 9TH
Philadelphia Phillies batting - Pitching for Cincinnati Reds : RHP Roger Jenkins
Pitching: RHP Andrés Velasco
Batting: RHB Ariel Fernández 0-0: Called Strike
0-1: Swinging Strike
0-2: Ball
1-2: Fly out, F9 (Flyball, 89M, EV 96.9 MPH)
Batting: LHB Monte Baker 0-0: Called Strike
0-1: Fly out, F8 (Flyball, 8LXD, EV 96.9 MPH)
Batting: LHB George Copa 0-0: Ball
1-0: Called Strike
1-1: Foul Ball, location: 7LSF
1-2: Foul Ball, location: 2F
1-2: Ground out 5-3 (Groundball, 5L, EV 83.8 MPH)
Top of the 9th over - 0 runs, 0 hits, 0 errors, 0 left on base; Philadelphia 3 - Cincinnati 4
Sunday, April 21st , 2024 - OOTP Baseball 24.11 Build 85